AoeStats
← Barrilete Cosmico

Highland

504650621Analyzed
4v4 RM · 25d ago on Sep 6, 2026· 57m 59s· 8 players
Game mode
Random Map
Map size
Large (8 player)
Population
200
Speed
Normal
Resources
Standard
Victory
Conquest
Starting age
Dark Age
Ending age
Imperial Age
RankedLock teamsTeams togetherTeam positionsShared explorationLock speedFull tech treeHidden civsTurbo modeCheats
Victory
Defeat
🇦🇷 Maya · Argentina
896
+35
🇦🇷 Dravidians · Argentina
896
+30
🇦🇷 Teutons · Argentina
896
+35
🇦🇷 Britons · Argentina
874
+36
🇦🇷 Malians · Argentina
831
-12
823
-13
🇵🇪 Khmer · Peru
813
-13
🇨🇳 Japanese · China
801
-12
ionatan
7:04 Loom
11:37 Feudal Age
12:17 Horse Collar
12:27 Double-Bit Axe
18:36 Castle Age
17:49 Stone Mining
20:02 Fletching
20:13 Padded Archer Armor
20:13 Town Watch
25:01 Stone Shaft Mining
24:29 Gold Mining
25:18 Heavy Plow
29:05 Gold Shaft Mining
30:06 Wheelbarrow
30:20 Bow Saw
31:22 Scale Mail Armor
31:58 Tigui
32:25 Forging
32:31 Chain Mail Armor
32:33 Leather Archer Armor
32:21 Bodkin Arrow
34:37 Iron Casting
38:12 Imperial Age
35:58 Hand Cart
35:53 Scale Barding Armor
37:12 Thumb Ring
36:27 Elite Skirmisher
36:28 Crossbowman
36:31 Pikeman
37:12 Squires
36:58 Arson
37:47 Light Cavalry
38:38 Bloodlines
38:28 Husbandry
38:19 Capped Ram
40:38 Conscription
41:05 Plate Mail Armor
41:28 Chain Barding Armor
41:39 Ring Archer Armor
41:37 Elite Gbeto
41:58 Arbalester
43:55 Farimba
45:02 Town Patrol
47:11 Chemistry
46:32 Ballistics
46:08 Murder Holes
45:54 Treadmill Crane
46:24 Masonry
48:33 Caravan
49:04 Coinage
48:46 Guilds
50:54 Architecture
51:01 Plate Barding Armor
49:48 Heavy Camel Rider
精神老头
5:54 Loom
12:24 Feudal Age
God Ganesh
1:16 Loom
13:39 Feudal Age
14:34 Double-Bit Axe
14:36 Horse Collar
20:16 Castle Age
21:41 Heavy Plow
22:41 Bow Saw
24:40 Fletching
28:08 Bodkin Arrow
29:23 Gold Mining
34:51 Wheelbarrow
36:54 Imperial Age
36:11 Heated Shot
37:49 Gold Shaft Mining
38:41 Chemistry
37:44 Double Crossbow
38:45 Siege Engineers
39:08 Bracer
41:09 Heavy Scorpion
43:06 Hand Cart
43:56 Caravan
BoBo鸡之印第安走地鸡
0:36 Loom
13:53 Feudal Age
16:07 Wheelbarrow
15:24 Double-Bit Axe
15:22 Horse Collar
15:36 Gold Mining
15:44 Stone Mining
El_Viturro
10:02 Loom
15:14 Feudal Age
18:43 Double-Bit Axe
18:43 Horse Collar
18:56 Gold Mining
18:56 Stone Mining
21:41 Padded Archer Armor
21:45 Stone Mining
25:36 Castle Age
26:24 Pikeman
32:27 Bow Saw
32:41 Leather Archer Armor
34:34 Wheelbarrow
33:59 Town Watch
36:58 Imperial Age
35:29 Yeomen
35:17 Fletching
36:18 Bodkin Arrow
37:25 Scale Mail Armor
37:37 Forging
38:23 Gold Shaft Mining
37:54 Elite Longbowman
39:44 Two-Man Saw
39:46 Squires
42:25 Chemistry
41:57 Ballistics
42:23 Ring Archer Armor
41:57 Bracer
42:34 Iron Casting
42:18 Chain Mail Armor
42:40 Iron Casting
44:08 Halberdier
45:23 Plate Mail Armor
50:24 Blast Furnace
49:43 Hand Cart
51:36 Murder Holes
51:55 Masonry
iki
14:42 Feudal Age
26:10 Gold Mining
26:12 Stone Mining
27:37 Double-Bit Axe
30:32 Castle Age
37:50 Stone Shaft Mining
Ms22
16:34 Feudal Age
15:18 Loom
18:02 Wheelbarrow
17:38 Town Watch
21:49 Horse Collar
26:53 Gold Mining
26:55 Stone Mining
32:01 Double-Bit Axe
32:18 Arson
36:37 Forging
36:30 Scale Mail Armor
36:22 Fletching
36:32 Padded Archer Armor
39:57 Castle Age
38:30 Man-at-Arms
40:49 Caravan
41:22 Coinage
41:11 Hand Cart
40:58 Town Patrol
47:31 Iron Casting
46:52 Bodkin Arrow
47:12 Leather Archer Armor
47:12 Chain Mail Armor
47:14 Bow Saw
47:43 Crossbowman
47:44 Elite Skirmisher
50:28 Eagle Warrior
50:30 Pikeman
50:32 Long Swordsman
51:15 Squires
Barrilete Cosmico
7:01 Loom
11:37 Feudal Age
12:15 Double-Bit Axe
12:15 Man-at-Arms
13:50 Town Watch
16:00 Arson
16:47 Fletching
21:20 Wheelbarrow
24:14 Castle Age
23:06 Horse Collar
23:17 Gold Mining
24:52 Bodkin Arrow
24:23 Crossbowman
25:34 Padded Archer Armor
29:58 Thumb Ring
31:52 Bow Saw
33:56 Ballistics
33:42 Stone Mining
37:21 Hand Cart
37:34 Leather Archer Armor
38:37 Heavy Plow
44:19 Imperial Age
41:52 Husbandry
42:13 Scale Barding Armor
43:26 Forging
44:23 Elite Elephant Archer
45:04 Bracer
46:07 Chemistry
45:49 Masonry
46:11 Ring Archer Armor
47:18 Conscription
48:44 Bombard Tower
50:55 Wootz Steel
55:08 Hoardings
56:46 Murder Holes
57:30 Iron Casting
Connection lost

Rejoining the realm…

Still unreachable

The connection could not be restored.

Session expired

The server has moved on; the page needs a fresh start.